 Dungeon Crawl Stone Soup version 0.23-a0-143-g1adec7b (webtiles) character file.

58 vinnietd the Chopper (level 4, 0/41 HPs)
             Began as a Hill Orc Fighter on Sept 3, 2018.
             Killed by divine providence
             ... invoked by an orc priest
              (12 damage)
             ... on level 2 of the Dungeon.
             The game lasted 00:00:58 (1207 turns).

vinnietd the Chopper (Hill Orc Fighter)             Turns: 1207, Time: 00:00:59

Health: 0/41       AC:  6    Str: 24    XL:     4   Next: 1%
Magic:  4/4        EV:  7    Int:  8    God:
Gold:   112        SH:  9    Dex: 10    Spells: 3/3 levels left

rFire    . . .     SeeInvis .   a - +0 war axe
rCold    . . .     Gourm    .   c - +0 shield
rNeg     . . .     Faith    .   b - +0 scale mail
rPois    .         Spirit   .   (no helmet)
rElec    .         Reflect  .   (no cloak)
rCorr    .         Harm     .   (no gloves)
MR       .....                  (no boots)
Stlth    ..........             (no amulet)
HPRegen  0.13/turn              (no ring)
MPRegen  0.09/turn              (no ring)

@: mighty, lethally poisoned (0 -> -4)
A: no striking features
a: Convert to Beogh


You were on level 2 of the Dungeon.
You were not hungry.

You visited 1 branch of the dungeon, and saw 2 of its levels.

You collected 112 gold pieces.

Inventory:

Hand Weapons
 a - a +0 war axe (weapon)
Armour
 b - a +0 scale mail (worn)
 c - a +0 shield (worn)
Scrolls
 e - a scroll of amnesia {unknown}
 i - a scroll of enchant armour {unknown}
 j - 2 scrolls of identify {unknown}
Potions
 g - a potion of curing {unknown}
 h - 2 potions of degeneration {unknown}
 l - 2 potions of flight {unknown}
Comestibles
 f - 2 rations
 k - 5 chunks of flesh


   Skills:
 + Level 4.4 Fighting
 * Level 4.8 Axes
 - Level 3.2 Armour
 - Level 3.2 Shields


You had 3 spell levels left.
You didn't know any spells.
Your spell library was empty.

Dungeon Overview and Level Annotations

Branches:
Dungeon (2/15)

Altars:
Nemelex Xobeh


Message History

The adder poisons you!
The orc priest invokes the aid of Beogh against you.
Beogh smites you! You block the adder's attack.
You feel very mighty all of a sudden.
You feel sick. The adder bites you.
You are more poisoned.
The adder poisons you!
You feel sick. The adder bites you but does no damage.
You completely miss the adder.
The adder is heavily wounded.
The adder barely misses you.
You barely miss the adder.
The adder is heavily wounded.
You feel sick. The adder bites you. The adder bites you but does no damage.
You miss the adder.
The adder is heavily wounded.
You feel sick. You block the adder's attack.
The orc priest calls down the wrath of Beogh upon you.
Beogh smites you!
You die...

########.###.###
#.........#......
#.........#..#..#
#.........#÷.#..#
#.........'..#..#
#.........##.#..#
###.........##.#..#
#############..o...........#.[###
...............S@..).............
##############o#########......#.#
...... ......o...oo... ##....##.#
###### ######...≈...≈. #..$.....
# #......... #...###.# #
#..........o#...# # #
#.....K....$#./.# #
#...≈.o.≈..##...# # ..........#
#...#


You could see an orc priest, an orc wizard, an adder and an orc.

Vanquished Creatures
  2 adders (D:2)
  A worm (D:2)
  2 dart slugs (D:1)
  A leopard gecko (D:1)
  An orc (D:2)
  A ball python (D:2)
  3 bats
  2 giant cockroaches
  2 hobgoblins (D:1)
  2 frilled lizards
  5 goblins
  4 kobolds (D:1)
  6 rats
32 creatures vanquished.

Notes
Turn   | Place    | Note
-------+----------+-------------------------------------------
     0 | D:1      | vinnietd the Hill Orc Fighter began the quest for the Orb.
     0 | D:1      | Reached XP level 1. HP: 19/19 MP: 1/1
    15 | D:1      | Found a sparkling altar of Nemelex Xobeh.
    66 | D:1      | Reached XP level 2. HP: 23/27 MP: 2/2
   832 | D:1      | Reached XP level 3. HP: 27/33 MP: 3/3
  1189 | D:2      | Reached XP level 4. HP: 41/41 MP: 4/4
  1207 | D:2      | Killed from afar by an orc priest

Vault maps used:
D:1:      sevenhm_arrival_forest_fort_small_3, nemelex_xobeh_ov_fountains_minmay
D:2:      cheibrodos_pilgrimage, lemuel_tele_altar

Skill      XL: |  1  2 |
---------------+-------+-----
Axes           | 3 4 |  4.8
Fighting       | 4 |  4.4
Armour         | |  3.2
Shields        | |  3.2

Action                   |  1- 3 |  4- 6 || total
-------------------------+-------+-------++-------
Melee: War axe           |    86 |     7 ||    93
  Use: Potion            |       |     1 ||     1
  Eat: Chunk             |     1 |       ||     1
Armor: Scale mail        |    24 |     3 ||    27
Dodge: Dodged            |    28 |     2 ||    30
Block: Shield            |    34 |     7 ||    41

Table legend:
 A = Non-vault XP
 B = Vault XP
 C = Vault XP percentage of total XP
 D = Non-vault monster count
 E = Vault monster count
 F = Vault count percentage of total count
                 A         B        C        D         E       F
            +---------+---------+-------+---------+---------+-------
      Total |      80 |       3 |   3.6 |      31 |       1 |   3.1
            +---------+---------+-------+---------+---------+-------
        D:1 |      37 |       0 |   0.0 |      21 |       0 |   0.0
        D:2 |      43 |       3 |   6.5 |      10 |       1 |   9.1
            +---------+---------+-------+---------+---------+-------
